 Dungeon Crawl Stone Soup version 0.27.0-1-g7a089689b8 (webtiles) character file.

Game seed: 1267929124296976721

1065 Leibowitz the Slasher (level 8, -8/69 HPs)
             Began as a Minotaur Fighter on Aug 11, 2021.
             Was an Initiate of Okawaru.
             Shot with an arrow by a centaur (13 damage)
             ... on level 5 of the Dungeon.
             The game lasted 00:08:44 (4963 turns).

Leibowitz the Slasher (Minotaur Fighter)            Turns: 4963, Time: 00:08:45

Health: -8/69      AC: 13    Str: 22    XL:     8   Next: 6%
Magic:  7/7        EV: 20    Int:  5    God:    Okawaru [......]
Gold:   221        SH: 10    Dex: 11    Spells: 7/7 levels left

rFire    . . .     SeeInvis .   a - +0 long sword
rCold    . . .     Faith    .   c - +0 kite shield
rNeg     . . .     Spirit   .   w - +0 plate armour
rPois    .         Reflect  .   (helmet restricted)
rElec    .         Harm     .   k - +0 cloak
rCorr    .         Rampage  .   (no gloves)
Will     .....                  (no boots)
Stlth    ..........             e - amulet of the acrobat
HPRegen  0.21/turn              (no ring)
MPRegen  0.10/turn              (no ring)

@: lethally poisoned (-8 -> -20), marked, acrobatic, slowed, very slow
A: horns 2, retaliatory headbutt
a: Renounce Religion


You were on level 5 of the Dungeon.
You worshipped Okawaru.
Okawaru was noncommittal.
You visited 2 branches of the dungeon, and saw 6 of its levels.

You collected 221 gold pieces.

Inventory:

Hand Weapons
 a - a +0 long sword (weapon)
 b - a +0 dagger of venom
Armour
 c - a +0 kite shield (worn)
 k - a +0 cloak (worn)
 w - a +0 plate armour (worn)
Jewellery
 e - an amulet of the acrobat (around neck)
 j - an amulet of magic regeneration
 o - a ring of magical power
Wands
 n - a wand of digging (5)
 t - a wand of mindburst (13)
Scrolls
 d - a scroll of summoning {unknown}
 g - a scroll of teleportation {unknown}
 i - a scroll of fear {unknown}
 l - 2 scrolls of identify {unknown}
 m - a scroll of amnesia {unknown}
 q - a scroll of brand weapon {unknown}
 s - 2 scrolls of enchant armour {unknown}
 u - a scroll of noise {unknown}
 v - a scroll of vulnerability {unknown}
Potions
 f - a potion of invisibility {unknown}
 h - 2 potions of haste {unknown}
 p - a potion of attraction {unknown}
 r - a potion of curing
 x - a potion of resistance {unknown}
 z - a potion of magic {unknown}


   Skills:
 * Level 5.5 Fighting
 * Level 7.0 Long Blades
 * Level 5.9 Armour
 * Level 3.0 Dodging
 * Level 6.6 Shields


You had 7 spell levels left.
You didn't know any spells.
Your spell library contained the following spells:

 Spells                   Type           Power      Damage    Failure   Level
 Magic Dart               Conj           0%         1d3       100%        1
 Searing Ray              Conj           0%         3d3       100%        2
 Conjure Flame            Conj/Fire      0%         6-21      100%        3
 Ignite Poison            Fire/Tmut/Pois 0%         N/A       100%        3
 Fulminant Prism          Conj/Hex       0%         3d6       100%        4
 Sticky Flame             Conj/Fire      0%         2d3       100%        4


Dungeon Overview and Level Annotations

Branches:
Dungeon (5/15)             Temple (1/1) D:5

Altars:
Ashenzari
Cheibriados
Dithmenos
Makhleb
Okawaru
Ru
Trog
Uskayaw
Vehumet
Wu Jian
Zin


Innate Abilities, Weirdness & Mutations

You have a pair of horns on your head.
You reflexively headbutt those who attack you in melee.


Message History

The centaur kicks you but does no damage.
The kobold brigand hits you but does no damage.
A centaur comes into view.
The centaur hits you but does no damage.
The centaur barely misses you. You block the kobold brigand's attack.
The kobold hits you but does no damage.
You feel sick. The kobold misses you. You furiously retaliate!
You headbutt the kobold, but do no damage.
You riposte.
You hit the kobold.
You kill the kobold!
Okawaru accepts your kill. The centaur hits you. The centaur barely misses you.
The kobold barely misses you.
You riposte.
You slash the kobold!
You kill the kobold!
Okawaru accepts your kill.
A gnoll sergeant comes into view. It is wielding a +5 flail.
Your Dodging skill increases to level 3!
You feel sick. The centaur hits you.
The centaur kicks you but does no damage.
The kobold brigand throws a curare-tipped dart.
The curare-tipped dart hits you.
You are more poisoned.
You have difficulty breathing.
You feel as though you will be slow longer.
You feel extremely sick. You block the centaur's attack.
The centaur kicks you but does no damage.
The centaur wields a +0 shortbow.
The centaur shoots an arrow.
The arrow hits you!
* * * LOW HITPOINT WARNING * * *
You block the centaur's attack. x2
* * * LOW HITPOINT WARNING * * *
You feel very sick.
The centaur shoots an arrow.
The arrow misses you.
The centaur wields a +0 shortbow.
The centaur shoots an arrow.
The arrow hits you.
* * * LOW HITPOINT WARNING * * *
The centaur shoots an arrow.
The arrow closely misses you.
The centaur shoots an arrow.
The arrow hits you!
You die...

#####..#.#####..^..._.........
#...............#.......#.....
#..##...#.....#.#.......#....#
#..##...# #.)##.#.......#....#
####..##...####).#.#########...##
....###...(...................##.
....##..............#..#......[..
........#.##....g..## #...".....
...##.#####..##.@.######.#....#..
..###.#.##......#.K.K#...###.....
..#.............#.cc).....#....##
..............<.####.....####..##
..#.###.........## ##.....###.###
. ## #..........###.............
##....##....#.......##......
.....#...............#)..#...#...
.....#..............##..........#


You could see a kobold brigand, a gnoll sergeant, 2 centaurs and a kobold.

Vanquished Creatures
  Eustachio (D:4)
  A water moccasin (D:5)
  An ice beast (D:5)
  A necrophage (D:4)
  Blork the orc (D:4)
  A scorpion (D:5)
  A centaur zombie (D:5)
  3 orc priests
  A hound (D:5)
  3 iguanas
  3 orc wizards
  A gnoll (D:1)
  8 adders
  A worm (D:4)
  3 dart slugs
  13 orcs
  8 bats
  15 endoplasms
  9 giant cockroaches
  14 goblins
  7 hobgoblins
  7 jackals
  A quokka (D:3)
  9 ball pythons
  2 frilled lizards
  12 kobolds
  8 rats
135 creatures vanquished.

Notes
Turn   | Place    | Note
-------+----------+-------------------------------------------
     0 | D:1      | Leibowitz the Minotaur Fighter began the quest for the Orb.
     0 | D:1      | Reached XP level 1. HP: 19/19 MP: 0/0
     1 | D:1      | Found a runed translucent door.
   204 | D:1      | Reached XP level 2. HP: 25/27 MP: 1/1
   391 | D:1      | Found a faded altar of an unknown god.
   520 | D:1      | Reached XP level 3. HP: 21/33 MP: 2/2
   942 | D:1      | Reached skill level 3 in Long Blades
  1202 | D:2      | Reached skill level 1 in Dodging
  1202 | D:2      | Reached XP level 4. HP: 23/40 MP: 3/3
  1977 | D:3      | Reached XP level 5. HP: 47/47 MP: 4/4
  2207 | D:3      | Reached skill level 4 in Long Blades
  2889 | D:4      | Noticed Eustachio
  2935 | D:4      | Killed Eustachio
  2936 | D:4      | Reached skill level 5 in Long Blades
  2936 | D:4      | Reached skill level 5 in Shields
  2936 | D:4      | Reached XP level 6. HP: 7/55 MP: 5/5
  3281 | D:4      | Noticed Blork the orc
  3312 | D:4      | Killed Blork the orc
  3313 | D:4      | Reached skill level 5 in Fighting
  3313 | D:4      | Reached skill level 5 in Armour
  3342 | D:4      | Reached XP level 7. HP: 12/61 MP: 6/6
  3969 | D:5      | Entered Level 5 of the Dungeon
  3977 | D:5      | Reached skill level 6 in Long Blades
  4387 | D:5      | Found a staircase to the Ecumenical Temple.
  4421 | D:5      | HP: 3/61 [poisoned by a water moccasin]
  4730 | D:5      | Reached XP level 8. HP: 51/69 MP: 7/7
  4736 | Temple   | Entered the Ecumenical Temple
  4743 | Temple   | Reached skill level 7 in Long Blades
  4763 | Temple   | Became a worshipper of Warmaster Okawaru
  4929 | D:5      | Found a snail-covered altar of Cheibriados.
  4963 | D:5      | Shot with an arrow by a centaur

Illustrated notes

Levels and vault maps discovered:
D:1:      dpeg_arrival_caged_fury, layout_loops_ring,
          ebering_ecumenical_altar_rust
D:2:      layout_rooms
D:3:      layout_loops_ring, minmay_surrounded
D:4:      minmay_general_purpose_star, layout_basic, hangedman_decor_riveting,
          uniq_eustachio, uniq_blork_the_orc
D:5:      layout_cave_pools, beargit_hepliaklqana_dungeon_heroes,
          lemuel_tele_altar, minmay_temple_entry_grid
Temple:   compressed_dpeg_circular_temple

Skill      XL: |  1  2  3  4  5  6  7  8 |
---------------+-------------------------+-----
Armour         | 4 5 |  5.9
Shields        | 4 5 6 |  6.6
Fighting       | 4 5 |  5.5
Long Blades    | 3 5 6 7 |  7.0
Dodging        | 1 2 3 |  3.0

Action                   |  1- 3 |  4- 6 |  7- 9 || total
-------------------------+-------+-------+-------++-------
Melee: Long sword        |   108 |   171 |    81 ||   360
       Headbutt          |    12 |    30 |    17 ||    59
  Use: Potion            |       |     1 |       ||     1
Armor: Scale mail        |    54 |    69 |     8 ||   131
       Plate armour      |       |       |    32 ||    32
Dodge: Dodged            |    48 |    72 |    35 ||   155
Block: Kite shield       |    56 |   110 |    48 ||   214
       Rpst.: Long sword |    10 |    15 |    12 ||    37
